AoeStats
← Raubfalke

Arabia

509068326Analyzed
1v1 RM · 9d ago on Sep 25, 2026· 46m 55s· 2 players
Game mode
Random Map
Map size
Tiny (2 player)
Population
200
Speed
Normal
Resources
Standard
Victory
Conquest
Starting age
Dark Age
Ending age
Imperial Age
RankedLock teamsTeams togetherTeam positionsShared explorationLock speedFull tech treeHidden civsTurbo modeCheats
Victory
Defeat
🇦🇹 Malians · Austria
375
+16
🇨🇳 Romans · China
383
-16
Raubfalke
0:47 Loom
14:44 Feudal Age
16:07 Man-at-Arms
17:35 Double-Bit Axe
20:08 Horse Collar
21:42 Bloodlines
22:43 Scale Barding Armor
22:44 Scale Mail Armor
22:57 Forging
24:20 Town Watch
26:11 Wheelbarrow
26:40 Fletching
31:02 Castle Age
32:11 Husbandry
31:40 Long Swordsman
32:43 Chain Barding Armor
32:59 Iron Casting
32:40 Chain Mail Armor
34:03 Heavy Plow
34:17 Bow Saw
39:34 Bodkin Arrow
39:40 Padded Archer Armor
44:38 Imperial Age
43:04 Leather Archer Armor
43:13 Ballistics
44:42 Stone Mining
48:04 Ring Archer Armor
Nightowl476
4:29 Loom
17:57 Feudal Age
18:27 Town Watch
19:18 Wheelbarrow
18:32 Double-Bit Axe
19:04 Horse Collar
20:11 Stone Mining
25:48 Gold Mining
35:04 Fletching
40:47 Castle Age
42:35 Bow Saw
42:27 Heavy Plow
42:27 Bodkin Arrow
43:46 Gold Shaft Mining
44:31 Guard Tower
44:54 Fortified Wall
44:54 Masonry
46:19 Hand Cart
46:04 Town Patrol
47:33 Ballistics
47:31 Forging
47:22 Scale Mail Armor
47:22 Padded Archer Armor
47:28 Scale Barding Armor
Connection lost

Rejoining the realm…

Still unreachable

The connection could not be restored.

Session expired

The server has moved on; the page needs a fresh start.